 Dungeon Sprint DCSS version 0.22-a0-348-gd16d139 (webtiles) character file.

6904 emperorscorpion the Basher (level 11, -15/78 HPs)
             Began as a Gargoyle Skald on Apr 8, 2018.
             Was the Champion of Cheibriados.
             Demolished by an orc warrior
             ... wielding a +0 glaive
              (28 damage)
             ... in the Dungeon (Sprint IX: "|||||||||||||||||||||||||||||").
             The game lasted 00:05:23 (634 turns).

emperorscorpion the Basher (Gargoyle Skald)          Turns: 634, Time: 00:05:24

Health: -15/78     AC: 24    Str: 33    XL:     11   Next: 6%
Magic:  17/22      EV: 14    Int: 34    God:    Cheibriados [******]
Gold:   137        SH:  0    Dex: 28    Spells: 19/25 levels left

rFire    . . .     SeeInvis .   a - +2 dire flail (crush)
rCold    . . .     Gourm    .   (shield currently unavailable)
rNeg     + . .     Faith    .   u - +1 chain mail
rPois    ∞         Spirit   .   C - +1 hat {Int+3}
rElec    +         Reflect  .   s - +0 cloak
rCorr    .         Harm     .   t - +0 pair of gloves
MR       .....     NoTele   +   (no boots)
Stlth    ..........             (no amulet)
HPRegen  1.23/turn              v - +3 ring of intelligence
MPRegen  0.18/turn              w - +3 ring of dexterity

@: regenerating, very slow
A: negative energy resistance 1, electricity resistance, unbreathing,
petrification resistance, rot immunity, AC +8
a: Bend Time, Temporal Distortion, Slouch, Step From Time, Renounce Religion


You were in the Dungeon.
You worshipped Cheibriados.
Cheibriados was exalted by your worship.
You were not hungry.

You visited 1 branch You collected 137 gold pieces.

Inventory:

Hand Weapons
 a - a +2 dire flail of crushing (weapon)
 o - a +2 halberd of venom
 p - the +2 scimitar "Jeink" {venom, rPois rC+ Dex+4}
   (You found it in the Dungeon)

   It poisons the flesh of those it strikes.
   It affects your dexterity (+4).
   It protects you from cold.
   It protects you from poison.
 q - a +3 war axe of flaming
 r - a +0 mace
Armour
 b - a +0 leather armour
 s - a +0 cloak (worn)
 t - a +0 pair of gloves (worn)
 u - a +1 chain mail (worn)
 B - a +0 helmet
 C - a +1 hat of intelligence (worn)
Magical Staves
 n - an uncursed staff of energy
Jewellery
 v - a +3 ring of intelligence (left hand)
 w - a +3 ring of dexterity (right hand)
 y - an uncursed ring of protection from magic
Wands
 m - a wand of iceblast (10)
Scrolls
 j - 2 scrolls of blinking
 k - 4 scrolls of remove curse
 l - 3 scrolls of amnesia
 z - 4 scrolls of enchant weapon
 A - 2 scrolls of fog
Potions
 c - a potion of brilliance
 e - 6 potions of curing
 f - 2 potions of heal wounds
 g - a potion of haste
 h - 4 potions of magic
 i - a potion of invisibility
 x - 2 potions of mutation
Comestibles
 d - 11 rations


   Skills:
 + Level 13.5 Fighting
 - Level 14.0 Maces & Flails
 + Level 9.8 Armour
 + Level 5.5 Dodging
 + Level 1.4 Stealth
 + Level 7.7 Spellcasting
 + Level 9.8 Charms
 + Level 4.0 Necromancy
 + Level 3.0 Translocations
 * Level 2.9 Invocations


You had 19 spell levels left.
You knew the following spells:

 Your Spells              Type           Power        Failure   Level  Hunger
a - Infusion              Chrm           ####         1%          1    None
b - Shroud of Golubria    Chrm/Tloc      ######....   1%          2    None
r - Regeneration          Chrm/Necr      ######....   1%          3    None


Dungeon Overview and Level Annotations

Branches:
Dungeon (1/1)

Altars:
Cheibriados
Dithmenos
Elyvilon
Fedhas
Gozag
Hepliaklqana
Kikubaaqudgha
Makhleb
Nemelex Xobeh
Okawaru
Qazlal
Ru
Sif Muna
Trog
Uskayaw
Vehumet
Wu Jian
Xom
Yredelemnul
Zin
The Shining One
Beogh
Jiyva
Lugonu


Innate Abilities, Weirdness & Mutations

You are resistant to torment.
Your stone body is resilient. (AC +8)
You are immune to poison.
You resist negative energy. (rN+)
You are resistant to electric shocks. (rElec)
You can survive without breathing.
You are immune to petrification.
You are immune to rotting.


Message History

The orc warrior closely misses you.
You impale the orc knight!!
You kill the orc knight!
Cheibriados thoroughly appreciates the change of pace.
Your Necromancy skill increases to level 4!
Your Invocations skill increases to level 2!
You have reached level 11!
An orc comes into view. It is wielding a dagger.
The orc warrior hits you with a glaive!
* * * LOW HITPOINT WARNING * * *
The orc warrior misses you.
Items here: $ )) [[ †† Unknown command.
You hit the orc warrior but do no damage.
The orc priest calls down the wrath of Beogh upon you.
Beogh smites you!
* * * LOW HITPOINT WARNING * * *
You closely miss the orc warrior.
The orc warrior hits you with a glaive!!
You die...

▓▓▓▓▓▓▓▓▓▓▓▓▓▓▓▓▓▓▓▓▓▓▓▓
............))))@oo.o...
▓▓▓▓▓▓▓▓▓▓▓▓▓▓▓▓▓▓▓▓▓▓▓▓▓▓▓▓▓▓▓▓▓
...............†.................
▓▓▓▓▓▓▓▓▓▓▓▓▓▓▓▓▓▓▓▓▓▓▓▓▓▓▓▓▓▓▓▓▓
......'.!.....(.....†.........†..
▓▓▓▓▓▓▓▓▓▓▓▓▓▓▓▓▓▓▓▓▓▓▓▓▓▓▓▓▓▓▓▓▓
.................................
▓▓▓▓▓▓▓▓▓▓▓▓▓▓▓▓▓▓▓▓▓▓▓▓▓▓▓▓▓▓▓▓▓
...†.....†.....'_________________


You could see an orc warrior, an orc priest and an orc.

Vanquished Creatures
  Gastronok (D)
  An orc knight (D)
  2 black mambas (D)
  A gargoyle (D)
  A spiny frog (D)
  2 rime drakes (D)
  A polar bear (D)
  2 blink frogs (D)
  2 shadows (D)
  A basilisk (D)
  3 water moccasins (D)
  A porcupine (D)
  8 black bears (D)
  A wolf (D)
  4 crocodiles (D)
  2 bullfrogs (D)
  A scorpion (D)
  A howler monkey (D)
  A quasit (D)
  A hound (D)
  6 orc priests (D)
  3 worker ants (D)
  A shadow imp (D)
  2 dart slugs (D)
  4 orcs (D)
  A giant cockroach (D)
  A kobold (D)
  A quokka (D)
  A frilled lizard (D)
  A giant cockroach zombie (D)
  A jackal skeleton (D)
59 creatures vanquished.

Vanquished Creatures (others)
  A spatial maelstrom (D)
1 creature vanquished.

Grand Total: 60 creatures vanquished

Notes
Turn   | Place    | Note
-------+----------+-------------------------------------------
     0 | D        | emperorscorpion the Gargoyle Skald began the quest for the Orb.
     0 | D        | Reached XP level 1. HP: 12/12 MP: 3/3
    10 | D        | Banished a spatial maelstrom
    12 | D        | Reached XP level 2. HP: 11/18 MP: 5/5
    26 | D        | Learned a level 2 spell: Shroud of Golubria
    31 | D        | Noticed a scorpion
    38 | D        | Killed a scorpion
    38 | D        | Reached skill level 3 in Maces & Flails
    38 | D        | Reached skill level 5 in Charms
    38 | D        | Reached XP level 3. HP: 21/24 MP: 3/7
    38 | D        | Reached XP level 4. HP: 25/29 MP: 3/8
    42 | D        | Reached skill level 4 in Maces & Flails
    51 | D        | Reached skill level 5 in Maces & Flails
    51 | D        | Reached XP level 5. HP: 25/34 MP: 4/10
    61 | D        | Found a roughly hewn altar of Beogh.
    61 | D        | Found a snail-covered altar of Cheibriados.
    61 | D        | Found a shadowy altar of Dithmenos.
    61 | D        | Found a white marble altar of Elyvilon.
    61 | D        | Found a blossoming altar of Fedhas.
    61 | D        | Found an opulent altar of Gozag.
    62 | D        | Found a hazy altar of Hepliaklqana.
    63 | D        | Found a viscous altar of Jiyva.
    64 | D        | Found an ancient bone altar of Kikubaaqudgha.
    65 | D        | Found a corrupted altar of Lugonu.
    66 | D        | Found a burning altar of Makhleb.
    67 | D        | Found a sparkling altar of Nemelex Xobeh.
    68 | D        | Found an iron altar of Okawaru.
    69 | D        | Found a stormy altar of Qazlal.
    70 | D        | Found a sacrificial altar of Ru.
    71 | D        | Found a deep blue altar of Sif Muna.
    72 | D        | Found a bloodstained altar of Trog.
    73 | D        | Found a hide-covered altar of Uskayaw.
    74 | D        | Found a radiant altar of Vehumet.
    75 | D        | Found an ornate altar of the Wu Jian Council.
    76 | D        | Found a shimmering altar of Xom.
    77 | D        | Found a basalt altar of Yredelemnul.
    78 | D        | Found a glowing silver altar of Zin.
    79 | D        | Found a glowing golden altar of the Shining One.
    99 | D        | Became a worshipper of Cheibriados the Contemplative
   112 | D        | Learned a level 3 spell: Regeneration
   137 | D        | Got the +2 scimitar "Jeink" {venom, rPois rC+ Dex+4}
   174 | D        | Noticed a gargoyle
   178 | D        | Reached * piety under Cheibriados
   178 | D        | Reached skill level 5 in Fighting
   178 | D        | Reached skill level 6 in Maces & Flails
   190 | D        | Killed a gargoyle
   190 | D        | Reached skill level 8 in Maces & Flails
   190 | D        | Reached skill level 5 in Spellcasting
   190 | D        | Reached skill level 1 in Translocations
   190 | D        | Reached XP level 6. HP: 25/41 MP: 11/13
   190 | D        | Reached XP level 7. HP: 28/46 MP: 11/14
   192 | D        | Reached ** piety under Cheibriados
   204 | D        | Reached *** piety under Cheibriados
   215 | D        | Noticed a shadow
   215 | D        | Noticed a shadow
   218 | D        | Killed a shadow
   218 | D        | Reached skill level 9 in Maces & Flails
   228 | D        | Reached **** piety under Cheibriados
   230 | D        | Reached skill level 10 in Maces & Flails
   230 | D        | Reached skill level 1 in Necromancy
   230 | D        | Reached XP level 8. HP: 53/53 MP: 7/16
   238 | D        | Killed a shadow
   239 | D        | Reached ***** piety under Cheibriados
   349 | D        | Noticed a blink frog
   352 | D        | Noticed a black mamba
   354 | D        | Killed a blink frog
   354 | D        | Reached skill level 11 in Maces & Flails
   361 | D        | Reached skill level 5 in Armour
   365 | D        | Reached ****** piety under Cheibriados
   368 | D        | Killed a black mamba
   368 | D        | Reached skill level 12 in Maces & Flails
   368 | D        | Reached XP level 9. HP: 52/60 MP: 12/18
   390 | D        | Noticed a spiny frog
   390 | D        | Noticed a rime drake
   390 | D        | Noticed a rime drake
   390 | D        | Noticed a black mamba
   394 | D        | Killed a spiny frog
   394 | D        | Reached skill level 1 in Stealth
   397 | D        | Killed a rime drake
   397 | D        | Reached skill level 13 in Maces & Flails
   409 | D        | Killed a rime drake
   409 | D        | Reached skill level 10 in Fighting
   422 | D        | Killed a black mamba
   422 | D        | Reached XP level 10. HP: 56/68 MP: 17/20
   437 | D        | Reached skill level 14 in Maces & Flails
   460 | D        | Reached skill level 5 in Dodging
   552 | D        | Noticed Gastronok
   566 | D        | Killed Gastronok
   621 | D        | Noticed an orc knight
   623 | D        | Reached skill level 1 in Invocations
   631 | D        | Killed an orc knight
   631 | D        | Reached XP level 11. HP: 32/78 MP: 17/22
   634 | D        | Demolished by an orc warrior

Vault maps used:
D:        linesprint

Skill      XL: |  1  2  3  4  5  6  7  8  9 10 |
---------------+-------------------------------+-----
Charms         | 3 5 8 9 |  9.8
Fighting       | 3 4 6 7 8 10 13 | 13.5
Maces & Flails | 3 5 8 10 12 13 14 | 14.0
Dodging        | 2 3 4 5 |  5.5
Spellcasting   | 3 5 6 7 |  7.7
Armour         | 2 3 5 7 9 |  9.8
Translocations | 1 2 3 |  3.0
Necromancy     | 1 2 3 4 |  4.0
Stealth        | 1 |  1.4
Invocations    | 2 |  2.9

Action                   |  1- 3 |  4- 6 |  7- 9 | 10-12 || total
-------------------------+-------+-------+-------+-------++-------
Melee: Mace              |    21 |    13 |       |       ||    34
       Dire flail        |       |    14 |    95 |    60 ||   169
 Cast: Shroud of Golubri |     1 |       |     1 |       ||     2
       Regeneration      |       |     1 |     4 |     2 ||     7
Invok: Slouch            |       |       |       |     1 ||     1
  Use: Potion            |     1 |     1 |       |       ||     2
Armor: Leather armour    |     6 |     3 |       |       ||     9
       Chain mail        |       |     4 |    43 |    32 ||    79
Dodge: Dodged            |     6 |    10 |    41 |    37 ||    94

Table legend:
 A = Spawn XP
 B = Non-spawn XP
 C = Spawn XP percentage of total XP
 D = Spawn monster count
 E = Non-spawn monster count
 F = Spawn count percentage of total count
 G = Total turns spent on level
                    A         B        C        D         E        F      G
               +---------+---------+-------+---------+---------+-------+---------
         Total |       0 |    9864 |   0.0 |       0 |      59 |   0.0 |   634
               +---------+---------+-------+---------+---------+-------+---------
             D |       0 |    9864 |   0.0 |       0 |      59 |   0.0 |   634
               +---------+---------+-------+---------+---------+-------+---------
